 Dungeon Crawl Stone Soup version 0.28-a0-241-gfbb0926a3a (webtiles) character file.

Game seed: 6138242434556997225

46 PentaManta the Ruffian (level 3, -3/31 HPs)
             Began as a Ghoul Berserker on Aug 24, 2021.
             Was a Follower of Trog.
             Killed from afar by Sigmund (13 damage)
             ... with a puff of flame
             ... on level 2 of the Dungeon.
             The game lasted 00:02:42 (1352 turns).

PentaManta the Ruffian (Ghoul Berserker)            Turns: 1352, Time: 00:02:43

Health: -3/31      AC:  2    Str: 20    XL:     3   Next: 66%
Magic:  2/2        EV: 11    Int:  3    God:    Trog [*.....]
Gold:   65         SH:  0    Dex:  8    Spells: 2/2 levels left

rFire   . . .      SeeInvis .     - Unarmed
rCold   + + .      Faith    .   (no shield)
rNeg    + + +      Spirit   .   a - +0 animal skin
rPois   ∞          Reflect  .   (no helmet)
rElec   .          Harm     .   (no cloak)
rCorr   .          Rampage  .   (no gloves)
Will    ++...                   (no boots)
Stlth   +.........              (no amulet)
HPRegen 1.00/turn               i - ring of protection from cold
MPRegen 0.08/turn               (no ring)

@: strong-willed (expiring), regenerating (expiring)
A: claws 1, cold resistance 1, negative energy resistance 3, inhibited
regeneration, torment resistance 2
a: Renounce Religion


You were on level 2 of the Dungeon.
You worshipped Trog.
Trog was aware of your devotion.
You visited 1 branch of the dungeon, and saw 2 of its levels.

You collected 65 gold pieces.

Inventory:

Armour
 a - a +0 animal skin (worn)
 c - a +1 pair of gloves
Jewellery
 i - a ring of protection from cold (left claw)
Scrolls
 f - a scroll of identify {unknown}
 g - a scroll of enchant weapon {unknown}
 h - a scroll of fear {unknown}
Potions
 b - a potion of lignification {unknown}
 d - a potion of brilliance {unknown}
 e - a potion of haste {unknown}
 j - a potion of degeneration {unknown}


   Skills:
 - Level 3.2 Fighting
 + Level 2.0 Slings
 - Level 1.7 Armour
 - Level 1.7 Dodging
 - Level 4.1 Unarmed Combat


You had 2 spell levels left.
You didn't know any spells.
Your spell library was empty.

Dungeon Overview and Level Annotations

Branches:
Dungeon (2/15)

Altars:

Shops:
D:2 [

Annotations:
D:2 Sigmund


Innate Abilities, Weirdness & Mutations

You thrive by killing the living.
You are immune to poison.
You have sharp fingernails.
Your flesh is cold resistant. (rC+)
You are immune to negative energy. (rN+++)
You do not regenerate when monsters are visible.
You are immune to unholy pain and torment.


Message History

You kill the dart slug!
Trog accepts your kill.
You feel better.
Your Slings skill increases to level 2!
No target in view!
No target in view!
No target in view!
No target in view!
No target in view!
No target in view!
No target in view!
There is an escape hatch in the ceiling here.
You open the door.
There is an open door here.
You open the door.
There is an open door here.
Sigmund the Dreaded comes into view.
He is wielding a +3 scythe of venom and carrying a wand of flame (10).
Sigmund is nearby!
Sigmund is nearby!
Sigmund is nearby!
Your skin crawls.
You feel strong-willed.
You can no longer call upon Trog for regeneration and willpower.
Sigmund casts a spell at you. The puff of flame misses you.
Sigmund zaps a wand.
The puff of flame misses you.
Sigmund zaps a wand.
The puff of flame hits you!
Sigmund hits you with a +3 scythe of venom!
You closely miss Sigmund. You scratch Sigmund.
Sigmund is lightly wounded.
Sigmund hits you with a +3 scythe of venom.
* * * LOW HITPOINT WARNING * * *
You closely miss Sigmund.
Sigmund is lightly wounded.
You feel the effects of Trog's Hand fading.
Sigmund giggles. "Time to reap what you sow."
Sigmund points at you and mumbles some strange words.
The puff of flame hits you!
You die...

###.###...≈§§§..#
#......≈...§..#
#.##..≈..∩.§≈## #
#.##.#.≈...≈.#
###.##.#..§.≈..#
.##........≈...#
..####.#.#######
...###....###########...
...'............@@......
...###....########......
..## #.#.#### ..... .##
#.....># .... ##
######.# ... # #.# .#
#.# . ##### #.# ....#
#.#


You could see Sigmund.

Vanquished Creatures
  2 adders
  A dart slug (D:2)
  4 bats
  3 endoplasms (D:1)
  2 giant cockroaches (D:1)
  2 goblins (D:1)
  2 kobolds (D:1)
  2 ball pythons
  A frilled lizard (D:1)
  7 rats
26 creatures vanquished.

Notes
Turn   | Place    | Note
-------+----------+-------------------------------------------
     0 | D:1      | PentaManta the Ghoul Berserker began the quest for the Orb.
     0 | D:1      | Reached XP level 1. HP: 19/19 MP: 0/0
   231 | D:1      | Reached XP level 2. HP: 26/26 MP: 1/1
   266 | D:1      | Reached skill level 1 in Slings
   776 | D:1      | Reached skill level 4 in Unarmed Combat
   776 | D:1      | Reached XP level 3. HP: 27/31 MP: 2/2
  1021 | D:2      | Reached ** piety under Trog
  1188 | D:2      | Found Riaxuvaz's Armour Emporium.
  1344 | D:2      | Noticed Sigmund
  1352 | D:2      | Killed from afar by Sigmund

Illustrated notes

Levels and vault maps discovered:
D:1:      wander_arrival_fairy_ring, layout_basic
D:2:      layout_loops_corners, shapermc_ecumenical_altar_rom_forum,
          serial_shops, nicolae_diamond_shop, minmay_hexomino_u4, uniq_sigmund,
          uniq_natasha

Skill      XL: |  1  2  3 |
---------------+----------+-----
Slings         | 1 2 |  2.0
Unarmed Combat | 4 |  4.1
Fighting       | |  3.2
Armour         | |  1.7
Dodging        | |  1.7

Action                   || total
-------------------------++-------
Melee: Unarmed           ||    85
Invok: Trog's Hand       ||     1
Armor: Animal skin       ||    19
Dodge: Dodged            ||    44

Table legend: (Time is in decaauts)
 A = Elapsed time spent in this place.
 B = Non-inter-level travel time spent in this place.
 C = Inter-level travel time spent in this place.
 D = Time resting spent in this place.
 E = Time spent auto-exploring this place.
 F = Levels seen in this place.
 G = Mean time per level.
                   A        B        C        D        E       F      G
               +--------+--------+--------+--------+--------+-----+--------+
         Total |   1346 |   1299 |     47 |    165 |    927 |   2 |  673.0 |
       Dungeon |   1346 |   1299 |     47 |    165 |    927 |   2 |  673.0 |
               +--------+--------+--------+--------+--------+-----+--------+

Top non-repeatable levels by time:
     D:1: 794 daAuts
     D:2: 551 daAuts
